 Dungeon Crawl Stone Soup version 0.29-a0-994-gc5c9f59d18 (webtiles) character file.

Game seed: 4668229166226665363

49 gelatine the Gusty (level 3, -1/26 HPs)
             Began as a Draconian Air Elementalist on Aug 4, 2022.
             Slain by an iguana (12 damage)
             ... on level 3 of the Dungeon.
             The game lasted 00:05:38 (2546 turns).

gelatine the Gusty (Draconian Air Elementalist)     Turns: 2546, Time: 00:05:38

Health: -1/26      AC:  5    Str: 10    XL:     3   Next: 51%
Magic:  0/6        EV: 12    Int: 17    God:
Gold:   123        SH:  0    Dex: 11    Spells: 5/6 levels left

rFire   . . .      SeeInvis .   i - +4 dagger
rCold   . . .      Faith    .   (no shield)
rNeg    . . .      Spirit   .   (body armour unavailable)
rPois   .          Reflect  .   (helmet restricted)
rElec   .          Harm     .   (no cloak)
rCorr   .          Rampage  .   (no gloves)
Will    .....                   (no boots)
Stlth   ++........              (no amulet)
HPRegen 0.08/turn               (no ring)
MPRegen 0.10/turn               (no ring)

@: very slightly contaminated
A: AC +5, unfitting armour, cold-blooded
a: no special abilities


You were on level 3 of the Dungeon.
You visited 1 branch of the dungeon, and saw 3 of its levels.

You collected 123 gold pieces.

Inventory:

Hand Weapons
 e - a +2 short sword of protection
 i - a +4 dagger (weapon)
Magical Staves
 c - a staff of poison
Scrolls
 f - 2 scrolls of teleportation
 k - 2 scrolls of immolation {unknown}
 l - a scroll of torment {unknown}
 m - a scroll of acquirement {unknown}
Potions
 a - a potion of magic
 b - a potion of brilliance
 d - 3 potions of curing {unknown}
 h - 2 potions of flight {unknown}
 n - a potion of haste


   Skills:
 + Level 0.1 Fighting
 + Level 0.1 Short Blades
 + Level 2.2 Dodging
 + Level 2.0 Stealth
 + Level 2.4 Spellcasting
 + Level 1.3 Conjurations
 + Level 3.6 Air Magic


You had 5 spell levels left.
You knew the following spells:

 Your Spells              Type           Power      Damage    Failure   Level
a - Shock                 Conj/Air       40%        1d5       7%          1

Your spell library contained the following spells:

 Spells                   Type           Power      Damage    Failure   Level
 Static Discharge         Conj/Air       10%        3-5/arc   10%         2
 Magic Dart               Conj           24%        1d4       11%         1
 Swiftness                Air            14%        N/A       12%         3
 Searing Ray              Conj           12%        2d4       16%         2
 Airstrike                Air            7%         2d(1-17)  38%         4
 Fulminant Prism          Conj/Hex       2%         3d6       80%         4


Dungeon Overview and Level Annotations

Branches:
Dungeon (3/15)

Altars:


Innate Abilities, Weirdness & Mutations

Your plain brown scales are hard. (AC +5)
You cannot fit into any form of body armour.
You are cold-blooded and may be slowed by cold attacks.


Message History

Found 7 stones.
The zap hits the hobgoblin.
The hobgoblin is almost dead.
The hobgoblin shouts!
You hear an angry hiss.
The zap hits the hobgoblin.
You kill the hobgoblin!
You can't see any susceptible monsters within range! (Use Z to cast anyway.)
An iguana comes into view.
The zap hits the iguana but does no damage.
A frilled lizard comes into view.
You miscast Shock.
You are very lightly contaminated with residual magic.
Nothing appears to happen.
The frilled lizard hisses angrily.
The zap hits the frilled lizard.
The frilled lizard is heavily wounded.
You miscast Shock.
Nothing appears to happen.
You are out of magic!
You are out of magic!
You hit the frilled lizard.
You kill the frilled lizard!
The zap misses the iguana.
You hit the iguana.
The iguana is moderately wounded.
You hit the iguana.
The iguana is heavily wounded.
The iguana bites you.
You completely miss the iguana.
The iguana is heavily wounded.
The iguana bites you.
You hit the iguana but do no damage.
The iguana is heavily wounded.
The iguana bites you!
You hit the iguana.
The iguana is severely wounded.
The iguana bites you.
You hit the iguana but do no damage.
The iguana is severely wounded.
The iguana bites you!
You die...

### #@# #l#
....(.....l....
##.####........
#........
.........
#.####### #.#
#.#


You could see an iguana.

Vanquished Creatures
  A worm (D:2)
  2 dart slugs
  A ball python (D:1)
  4 bats
  4 endoplasms
  2 giant cockroaches (D:1)
  3 goblins
  7 hobgoblins
  3 quokkas
  3 frilled lizards
  3 kobolds
  3 rats (D:1)
36 creatures vanquished.

Notes
Turn   | Place    | Note
-------+----------+-------------------------------------------
     0 | D:1      | gelatine the Draconian Air Elementalist began the quest for
                  | the Orb.
     0 | D:1      | Reached XP level 1. HP: 14/14 MP: 3/3
   133 | D:1      | Reached XP level 2. HP: 10/20 MP: 1/5
  1273 | D:1      | Reached XP level 3. HP: 26/26 MP: 4/6
  1443 | D:2      | Found a faded altar of an unknown god.
  2546 | D:3      | Slain by an iguana

Illustrated notes

Levels and vault maps discovered:
D:1:      grunt_arrival_lava_bath, layout_basic, hex_large, minmay_pentomino_s4
D:2:      layout_loops_ring, shapermc_ecumenical_altar_venn
D:3:      layout_rooms, gammafunk_ghost_smash, kennysheep_generic_room_2

Skill      XL: |  1  2  3 |
---------------+----------+-----
Dodging        | 2 |  2.2
Stealth        | 2 |  2.0
Fighting       | |  0.1
Short Blades   | |  0.1
Spellcasting   | |  2.4
Conjurations   | |  1.3
Air Magic      | |  3.6

Action                   || total
-------------------------++-------
Melee: Staff             ||    14
       Unarmed           ||     1
       Short sword       ||    10
       Tailslap          ||     2
       Dagger            ||    23
       Punch             ||     1
 Cast: Shock             ||    74
  Use: Scroll            ||     4
Armor: Skin              ||    18
Dodge: Dodged            ||    32

Table legend: (Time is in decaauts)
 A = Elapsed time spent in this place.
 B = Non-inter-level travel time spent in this place.
 C = Inter-level travel time spent in this place.
 D = Time resting spent in this place.
 E = Time spent auto-exploring this place.
 F = Levels seen in this place.
 G = Mean time per level.
                   A        B        C        D        E       F      G
               +--------+--------+--------+--------+--------+-----+--------+
         Total |   2547 |   2455 |     92 |      0 |   2173 |   3 |  849.0 |
       Dungeon |   2547 |   2455 |     92 |      0 |   2173 |   3 |  849.0 |
               +--------+--------+--------+--------+--------+-----+--------+

Top non-repeatable levels by time:
     D:1: 1344 daAuts
     D:2: 1178 daAuts
     D:3: 24 daAuts
